 Dungeon Crawl Stone Soup version 0.24-a0-784-g601f8f6d22 (webtiles) character file.

Game seed: 9882395412315601854, levelgen mode: deterministic

100 HumanIsDead the Ducker (level 5, 0/35 HPs)
             Began as a Human Necromancer on Oct 9, 2019.
             Was an Initiate of Vehumet.
             Killed by divine providence
             ... invoked by an orc priest
              (17 damage)
             ... on level 3 of the Dungeon.
             The game lasted 00:10:45 (2402 turns).

HumanIsDead the Ducker (Human Necromancer)          Turns: 2402, Time: 00:10:46

Health: 0/35       AC:  4    Str:  9    XL:     5   Next: 3%
Magic:  2/8        EV: 14    Int: 15    God:    Vehumet [......]
Gold:   74         SH:  0    Dex: 14    Spells: 4/8 levels left

rFire    . . .     SeeInvis .   b - +1 hand axe
rCold    . . .     Gourm    .   (no shield)
rNeg     . . .     Faith    .   a - +0 robe
rPois    .         Spirit   .   (no helmet)
rElec    .         Reflect  .   p - +0 cloak
rCorr    .         Harm     .   m - +0 pair of gloves
MR       .....                  (no boots)
Stlth    ++........             (no amulet)
HPRegen  0.11/turn              (no ring)
MPRegen  0.11/turn              (no ring)

@: very slightly contaminated
A: no striking features
a: Renounce Religion


You were on level 3 of the Dungeon.
You worshipped Vehumet.
Vehumet was noncommittal.
You were hungry.

You visited 1 branch of the dungeon, and saw 3 of its levels.

You collected 74 gold pieces.

Inventory:

Hand Weapons
 b - a +1 hand axe (weapon)
Missiles
 d - 28 poisoned darts (quivered)
Armour
 a - a +0 robe (worn)
 k - a cursed +0 scale mail
 m - a +0 pair of gloves (worn)
 n - a +0 shield
 p - a +0 cloak (worn)
Wands
 q - a wand of polymorph (8)
Scrolls
 e - a scroll of remove curse {unknown}
 g - 2 scrolls of fear
 h - a scroll of immolation {unknown}
 i - 2 scrolls of teleportation
 j - a scroll of enchant weapon
 s - a scroll of magic mapping {unknown}
Potions
 l - 2 potions of invisibility
Comestibles
 c - 2 rations
 o - 3 chunks of flesh


   Skills:
 - Level 4.2 Dodging
 - Level 2.0 Stealth
 + Level 1.9 Shields
 - Level 2.0 Spellcasting
 - Level 4.0 Necromancy


You had 4 spell levels left.
You knew the following spells:

 Your Spells              Type           Power        Failure   Level  Hunger
a - Pain                  Necr           ##..         4%          1    #......
b - Vampiric Draining     Necr           ##........   13%         3    ###....

Your spell library contained the following spells:

 Spells                   Type           Power        Failure   Level  Hunger
 Animate Skeleton         Necr           N/A          4%          1    #......
 Regeneration             Chrm/Necr      #.........   28%         3    ###....
 Animate Dead             Necr           N/A          38%         4    #####..


Dungeon Overview and Level Annotations

Branches:
Dungeon (3/15)

Altars:
Dithmenos
Makhleb
Vehumet


Message History

The orc priest mumbles some strange prayers to Beogh against you.
You barely resist.
You hit the orc priest but do no damage.
The orc priest is almost dead.
The orc priest looks braver for a moment.
The orc priest misses you.
You closely miss the orc priest.
The orc priest is almost dead.
The orc priest barely misses you.
You hit the orc priest.
The orc priest is almost dead.
The orc priest hits you but does no damage.
You hit the orc priest but do no damage.
The orc priest is almost dead.
The orc priest hits you with a +0 trident.
You hit the orc priest but do no damage.
The orc priest is almost dead.
The orc priest calls down the wrath of Beogh upon you.
Beogh smites you!
You die...

##########
#........#
#........# ##
#........#
#.##........#
#.)'........#
#.##....>...##
#. ##'######<#
## #.# #@# #.#
#o# #.# ###.#
#.# #...# ..#
#.#####
.#####.....#
#.
.#....####.#
#. #....# #.#
.#.
#..[.####.#


You could see an orc priest.

Vanquished Creatures
  Jessica (D:2)
  2 adders (D:2)
  An ooze (D:1)
  A worm (D:2)
  A dart slug (D:1)
  2 leopard geckos (D:2)
  An orc (D:3)
  A ball python (D:3)
  4 bats
  4 giant cockroaches
  8 goblins
  7 hobgoblins
  3 frilled lizards
  5 kobolds
  A rat (D:1)
42 creatures vanquished.

Notes
Turn   | Place    | Note
-------+----------+-------------------------------------------
     0 | D:1      | HumanIsDead the Human Necromancer began the quest for the
                  | Orb.
     0 | D:1      | Reached XP level 1. HP: 13/13 MP: 3/3
   289 | D:1      | Reached XP level 2. HP: 3/19 MP: 0/5
   967 | D:1      | Reached XP level 3. HP: 23/24 MP: 3/6
  1471 | D:2      | Noticed Jessica
  1572 | D:2      | Killed Jessica
  1572 | D:2      | Reached XP level 4. HP: 24/30 MP: 0/7
  1683 | D:2      | Learned a level 3 spell: Vampiric Draining
  1841 | D:2      | Reached skill level 1 in Shields
  2027 | D:2      | Found a shadowy altar of Dithmenos.
  2166 | D:2      | Found a burning altar of Makhleb.
  2167 | D:2      | Found a radiant altar of Vehumet.
  2171 | D:2      | Became a worshipper of Vehumet
  2259 | D:3      | Reached XP level 5. HP: 34/35 MP: 6/8
  2402 | D:3      | Killed from afar by an orc priest

Levels and vault maps discovered:
D:1:      mrwooster_arrival_statue_3, layout_basic
D:2:      layout_loops_ring, minitemple, lemuel_doored_altar, uniq_jessica
D:3:      layout_basic, lemuel_coloured_pillars_altar, first_ration,
          xom_teletrap_fun, uniq_ijyb

Skill      XL: |  1  2  3  4 |
---------------+-------------+-----
Dodging        | 3 4 |  4.2
Shields        | 1 |  1.9
Stealth        | |  2.0
Spellcasting   | |  2.0
Necromancy     | |  4.0

Action                   |  1- 3 |  4- 6 || total
-------------------------+-------+-------++-------
Melee: Unarmed           |    17 |       ||    17
       Hand axe          |     2 |    39 ||    41
 Cast: Pain              |    58 |    31 ||    89
       Vampiric Draining |       |     1 ||     1
  Use: Scroll            |       |     5 ||     5
  Eat: Chunk             |     2 |     4 ||     6
Armor: Robe              |    17 |     5 ||    22
Dodge: Dodged            |    40 |    41 ||    81

Table legend:
 A = Non-vault XP
 B = Vault XP
 C = Vault XP percentage of total XP
 D = Non-vault monster count
 E = Vault monster count
 F = Vault count percentage of total count
                 A         B        C        D         E       F
            +---------+---------+-------+---------+---------+-------
      Total |     107 |      37 |  25.7 |      41 |       1 |   2.4
            +---------+---------+-------+---------+---------+-------
        D:1 |      40 |       0 |   0.0 |      19 |       0 |   0.0
        D:2 |      59 |      37 |  38.5 |      18 |       1 |   5.3
        D:3 |       8 |       0 |   0.0 |       4 |       0 |   0.0
            +---------+---------+-------+---------+---------+-------
